 Seeded DCSS version 0.30.1-9-gdf580d7c3d (webtiles) character file.

Game seed: 920673320228942481 (custom seed)

51 Psyclone the Conjurer (level 3, 21/21 HPs)
             Began as an Octopode Conjurer on Oct 10, 2023.
             Quit the game on level 4 of the Dungeon.
             The game lasted 00:01:42 (919 turns).

Psyclone the Conjurer (Octopode Conjurer)            Turns: 919, Time: 00:01:43

Health: 21/21      AC:  3    Str:  6    XL:     3   Next: 81%
Magic:  2/6        EV: 13    Int: 22    God:
Gold:   3992       SH:  0    Dex: 10    Spells: 3/6 levels left

rFire   . . .        (no weapon)
rCold   . . .        (no shield)
rNeg    . . .        (helmet restricted)
rPois   .            (no amulet)
rElec   .            c - ring of wizardry
rCorr   .            (no ring)
SInv    .            (no ring)
Will    .....        (no ring)
Stlth   +++          (no ring)
HPRegen 1.03/turn    (no ring)
MPRegen 0.10/turn    (no ring)
                     (no ring)

%: wizardry (x1)
@: no status effects
A: almost no armour, amphibious, 8 rings, camouflage 1, gelatinous body 1,
(nimble swimmer 1), tentacles, antennae 1, iridescent scales 1, regeneration 1,
wild magic 2, evolution 1
a: no special abilities


You were on level 4 of the Dungeon.
You visited 1 branch of the dungeon, and saw 4 of its levels.

You collected 4033 gold pieces.
You spent 41 gold pieces at shops.

Inventory:

Jewellery
 c - a ring of wizardry (left tentacle)
Scrolls
 e - a scroll of amnesia {unknown}
 g - a scroll of fear {unknown}
 h - a scroll of identify {unknown}
Potions
 a - a potion of magic
 b - a potion of invisibility {unknown}
 d - a potion of lignification {unknown}
 f - a potion of degeneration {unknown}


   Skills:
 - Level 2.0 Dodging
 - Level 2.6 Stealth
 - Level 2.0 Spellcasting
 + Level 5.3 Conjurations


You had 3 spell levels left.
You knew the following spells:

 Your Spells              Type           Power      Damage    Failure   Level
a - Magic Dart            Conj           100%       1d8       2%          1
b - Searing Ray           Conj           82%        2d7       2%          2

Your spell library contained the following spells:

 Spells                   Type           Power      Damage    Failure   Level
 Foxfire                  Conj/Fire      88%        2x1d8     4%          1
 Dazzling Flash           Conj/Hex       44%        N/A       12%         3
 Fulminant Prism          Conj/Hex       11%        3d8       28%         4
 Iskenderun's Mystic Bla  Conj/Tloc      22%        2d6       28%         4
 Fireball                 Conj/Fire      11%        3d7       56%         5
 Starburst                Conj/Fire      11%        6d5       97%         6
 Plasma Beam              Fire/Air       1%         2x1d12    100%        6


Dungeon Overview and Level Annotations

Branches:
Dungeon (4/15) Zot: 23082
 Temple: D:4-7

Altars:

Shops:
D:3 *:


Innate Abilities, Weirdness & Mutations

You cannot wear most types of armour.
You are amphibious.
You can wear up to eight rings at the same time.
Your skin changes colour to match your surroundings (Stealth+).
Your rubbery body absorbs attacks. (AC +1, EV +1)
((You are camouflaged when in or above water. (Stealth+)))
You have tentacles for arms and can constrict up to eight enemies at once.
You have a pair of small antennae on your head.
You are partially covered in iridescent scales. (AC +2)
Your natural rate of healing is unusually fast.
Your spells are harder to cast, but more powerful.
You have hidden genetic potential.


Message History

Your squeeze misses the hound.
The hound is severely wounded.
The hound barely misses you.
You closely miss the hound. You grab the hound.
The hound is severely wounded.
You constrict the hound, but do no damage.
The hound completely misses you. The hound closely misses you.
You barely miss the hound.
The hound is severely wounded.
You constrict the hound, but do no damage.
The hound completely misses you.
You tentacle-slap the hound but do no damage.
The hound is severely wounded.
You constrict the hound, but do no damage.
The hound barely misses you. The hound bites you.
You take 3 damage, and have 14/17 hp.
You tentacle-slap the hound but do no damage.
The hound is severely wounded.
You constrict the hound. The hound bites you but does no damage.
You tentacle-slap the hound.
The hound is almost dead.
You constrict the hound. The hound bites you. x2
You take 5 damage, and have 10/17 hp.
MASSIVE DAMAGE!!
You tentacle-slap the hound but do no damage.
The hound is almost dead.
You constrict the hound.
You kill the hound!
Your Conjurations skill increases to level 5!
You have reached level 3!
Your experience leads to an increase in your attributes!
Increase (S)trength, (I)ntelligence, or (D)exterity?
You feel clever. x2
You regained 3 hp, and now have 13/21 hp.
HP restored.
You feel a genetic drift. A pair of antennae grows on your head!
Health restored: 21 Unknown command.
Unknown command.
Are you sure you want to abandon this character and quit the game? (Confirm with "yes".)

####### #.....#
#.....# #
#.....#######.#
#.....##.......
#...<......#
#.....##@#.#
#.....##.#
#.....##.#
########.#
#.#.##############
#.#...............
#.#####.##########
#.......#
#######.###.#


There were no monsters in sight!

Vanquished Creatures
  A hound (D:4)
  A worm (D:3)
  2 dart slugs
  An endoplasm (D:3)
  5 ball pythons
  A bat (D:3)
  2 kobolds (D:3)
  3 rats
16 creatures vanquished.

Notes
Turn   | Place    | Note
-------+----------+-------------------------------------------
     0 | D:1      | Psyclone the Octopode Conjurer began the quest for the Orb.
     0 | D:1      | Reached XP level 1. HP: 11/11 MP: 3/3
   285 | D:1      | Identified 3 scrolls of acquirement
   285 | D:1      | Acquired 1312 gold pieces
   293 | D:1      | Acquired 1281 gold pieces
   308 | D:1      | Acquired 1321 gold pieces
   336 | D:2      | Reached XP level 2. HP: 17/17 MP: 0/5
   537 | D:3      | Learned a level 2 spell: Searing Ray
   698 | D:3      | Found Xyxiz's Assorted Antiques.
   709 | D:3      | Bought 2 fizzy ruby potions for 41 gold pieces
   731 | D:3      | Gained mutation: Your body sometimes deteriorates upon
                  | taking damage. [potion of mutation]
   731 | D:3      | Gained mutation: Your spells are a little harder to cast,
                  | but a little more powerful. [potion of mutation]
   731 | D:3      | Gained mutation: You have a pair of small antennae on your
                  | head. [potion of mutation]
   731 | D:3      | Gained mutation: One of your tentacles bears a spike.
                  | [potion of mutation]
   744 | D:3      | Lost mutation: Your body sometimes deteriorates upon taking
                  | damage. [potion of mutation]
   744 | D:3      | Lost mutation: Your spells are a little harder to cast, but
                  | a little more powerful. [potion of mutation]
   744 | D:3      | Lost mutation: One of your tentacles bears a spike. [potion
                  | of mutation]
   744 | D:3      | Gained mutation: Your spells are a little harder to cast,
                  | but a little more powerful. [potion of mutation]
   744 | D:3      | Gained mutation: Your mind is acute. (Int +4, Str/Dex -1)
                  | [potion of mutation]
   744 | D:3      | Gained mutation: You are robust. (+10% HP) [potion of
                  | mutation]
   748 | D:3      | Lost mutation: Your mind is acute. (Int +4, Str/Dex -1)
                  | [potion of mutation]
   748 | D:3      | Lost mutation: You have a pair of small antennae on your
                  | head. [potion of mutation]
   748 | D:3      | Lost mutation: You are robust. (+10% HP) [potion of
                  | mutation]
   748 | D:3      | Gained mutation: Your natural rate of healing is unusually
                  | fast. [potion of mutation]
   748 | D:3      | Gained mutation: You are partially covered in iridescent
                  | scales. (AC +2) [potion of mutation]
   748 | D:3      | Gained mutation: You have hidden genetic potential. [potion
                  | of mutation]
   748 | D:3      | Gained mutation: Your spells are harder to cast, but more
                  | powerful. [potion of mutation]
   802 | D:3      | Found Rylak's Book Boutique.
   902 | D:4      | Reached skill level 5 in Conjurations
   902 | D:4      | Reached XP level 3. HP: 13/21 MP: 1/6
   917 | D:4      | Gained mutation: You have a pair of small antennae on your
                  | head. [hidden potential]
   919 | D:4      | Quit the game

Illustrated notes

Levels and vault maps discovered:
D:1:      dpeg_arrival_orchard, layout_basic
D:2:      layout_loops_corners, uniq_natasha, uniq_crazy_yiuf_cottage
D:3:      layout_basic, serial_shops, nicolae_shop_stone, shop
D:4:      layout_basic, nicolae_figureground_sparkle, uniq_sigmund, uniq_robin,
          uniq_blork_the_orc

Skill      XL: |  1  2 |
---------------+-------+-----
Conjurations   | 5 |  5.3
Dodging        | |  2.0
Stealth        | |  2.6
Spellcasting   | |  2.0

Action                     || total
---------------------------++-------
  Melee: Unarmed           ||     7
         Constrict         ||     1
   Cast: Magic Dart        ||    28
         Searing Ray       ||     1
    Use: Scroll            ||     3
         Potion            ||     3
 Armour: Skin              ||     3
  Dodge: Dodged            ||     6
